 Dungeon Crawl Stone Soup version 0.30-a0-322-g102857c98e (webtiles) character file.

Game seed: 9164369204821918858

4699 billz999 the Skirmisher (level 10, -10/79 HPs)
             Began as a Gnoll Hunter on Oct 27, 2022.
             Was a High Priest of Okawaru.
             Mangled by Prince Ribbit (12 damage)
             ... on level 8 of the Dungeon.
             The game lasted 00:20:16 (8634 turns).

billz999 the Skirmisher (Gnoll Hunter)              Turns: 8634, Time: 00:20:17

Health: -10/79     AC: 16    Str: 10    XL:     10   Next: 45%
Magic:  18/18      EV: 12    Int:  8    God:    Okawaru [*****.]
Gold:   376        SH:  0    Dex: 27    Spells: 20/20 levels left

rFire   + + .      SeeInvis .    b - +0 whip (venom)
rCold   x . .      Faith    .    (no shield)
rNeg    . . .      Spirit   .    r - +0 fire dragon scales
rPois   .          Reflect  .    B - +2 hat of the Bells {Stlth+}
rElec   .          Harm     .    (no cloak)
rCorr   .          Rampage  .    u - +2 pair of gloves
Will    .....                    D - +0 pair of boots
Stlth   +++.......               (no amulet)
HPRegen 0.33/turn                s - +6 ring of dexterity
MPRegen 0.16/turn                (no ring)

@: on berserk cooldown, slowed, very slow
A: fangs 1, strong nose, distributed training
a: Renounce Religion, Heroism, Finesse, Duel


You were on level 8 of the Dungeon.
You worshipped Okawaru.
Okawaru was extremely pleased with you.
You visited 2 branches of the dungeon, and saw 9 of its levels.

You collected 376 gold pieces.

Inventory:

Hand Weapons
 a - a +0 shortbow
 b - a +0 whip of venom (weapon)
Missiles
 f - 9 poisoned darts
Armour
 c - a +0 leather armour
 e - a +0 scale mail
 k - a +0 pair of gloves
 q - a +2 helmet
 r - +0 fire dragon scales (worn)
 u - a +2 pair of gloves (worn)
 B - the +2 hat of the Bells (worn) {Stlth+}
   (You found it on level 7 of the Dungeon)

   Stlth:     It makes you more stealthy.
 D - a +0 pair of boots (worn)
Jewellery
 s - a +6 ring of dexterity (left hand)
Wands
 y - a wand of polymorph (15)
 z - a wand of roots (6)
 E - a wand of digging (4)
Scrolls
 g - a scroll of vulnerability {unknown}
 h - a scroll of blinking {unknown}
 i - 6 scrolls of identify
 l - 3 scrolls of summoning
 m - a scroll of fear {unknown}
 n - 2 scrolls of teleportation {unknown}
 p - a scroll of noise
 t - a scroll of amnesia {unknown}
 v - 3 scrolls of butterflies {unknown}
 w - 3 scrolls of poison {unknown}
 x - a scroll of immolation
 C - a scroll of enchant weapon {unknown}
Potions
 d - a potion of berserk rage
 j - 2 potions of flight
 o - a potion of attraction
 G - a potion of mutation {unknown}


   Skills:
 + Level 7.2 Fighting
 + Level 5.5 Short Blades
 + Level 5.5 Long Blades
 + Level 5.5 Axes
 + Level 5.5 Maces & Flails
 + Level 5.5 Polearms
 + Level 5.5 Staves
 + Level 10.2 Ranged Weapons
 + Level 5.5 Throwing
 + Level 5.5 Armour
 + Level 7.2 Dodging
 + Level 6.0 Stealth
 + Level 5.5 Shields
 + Level 5.5 Unarmed Combat
 + Level 5.5 Spellcasting
 + Level 4.5 Conjurations
 + Level 4.5 Hexes
 + Level 4.5 Summonings
 + Level 4.5 Necromancy
 + Level 4.5 Translocations
 + Level 4.5 Transmutations
 + Level 4.5 Fire Magic
 + Level 4.5 Ice Magic
 + Level 4.5 Air Magic
 + Level 4.5 Earth Magic
 + Level 4.5 Poison Magic
 + Level 6.0 Invocations
 + Level 5.5 Evocations


You had 20 spell levels left.
You didn't know any spells.
Your spell library contained the following spells:

 Spells                   Type           Power      Damage    Failure   Level
 Freeze                   Ice            36%        1d5       30%         1
 Sandblast                Erth           18%        2d7       30%         1
 Slow                     Hex            36%        N/A       30%         1
 Passwall                 Tmut/Erth      7%         N/A       43%         2
 Confusing Touch          Hex            9%         N/A       67%         3
 Dazzling Flash           Conj/Hex       18%        N/A       67%         3
 Frozen Ramparts          Ice            18%        1d3       67%         3
 Hailstorm                Conj/Ice       9%         3d4       67%         3
 Stone Arrow              Conj/Erth      18%        3d8       67%         3
 Vampiric Draining        Necr           9%         2d6       67%         3
 Iskenderun's Mystic Bla  Conj/Tloc      9%         2d4       97%         4
 Petrify                  Tmut/Erth      9%         N/A       97%         4
 Metabolic Englaciation   Hex/Ice        4%         N/A       100%        5
 Starburst                Conj/Fire      4%         6d4       100%        6
 Statue Form              Tmut/Erth      6%         N/A       100%        6


Dungeon Overview and Level Annotations

Branches:
Dungeon (8/15)             Temple (1/1) D:4
   Lair: D:8-11

Altars:
Ashenzari
Cheibriados
Fedhas
Gozag
Hepliaklqana
Kikubaaqudgha
Makhleb
Nemelex Xobeh
Okawaru
Ru
Sif Muna
Uskayaw
Vehumet
Wu Jian
Xom
Zin
The Shining One

Annotations:
D:8 Prince Ribbit


Innate Abilities, Weirdness & Mutations

You have very sharp teeth.
Your uncanny sense of smell can sniff out nearby items.
Your experience applies equally to all skills.


Message History

The water moccasin is almost dead.
You feel sick. The water moccasin closely misses you.
You barely miss the water moccasin.
The water moccasin is almost dead.
You feel sick.
You hit the water moccasin.
You kill the water moccasin!
Okawaru accepts your kill.
You feel sick.
You feel sick.
You see here a water moccasin corpse.
You feel a strong urge to attack something.
You are no longer berserk.
You are exhausted.
You feel yourself slow down.
You feel sick.
You feel sick.
You see here a water moccasin corpse.
You feel sick.
You feel sick.
You are no longer poisoned.
Prince Ribbit comes into view.
Prince Ribbit gives a loud, deep croak!
You feel much better.
Prince Ribbit hits you but does no damage.
Prince Ribbit closely misses you.
You barely miss Prince Ribbit. Prince Ribbit hits you. Prince Ribbit hits you!
You hit Prince Ribbit but do no damage.
Prince Ribbit is poisoned.
You bite Prince Ribbit, but do no damage.
Prince Ribbit hits you.
You hit Prince Ribbit.
Prince Ribbit is lightly wounded.
Prince Ribbit hits you!
* * * LOW HITPOINT WARNING * * *
Prince Ribbit hits you!
* * * LOW HITPOINT WARNING * * *
It was a potion of magic.
Magic courses through your body. Prince Ribbit hits you!
* * * LOW HITPOINT WARNING * * *
Prince Ribbit hits you!
You die...

.....#.........# ....##.##......#
### .....#.........## ##.#
................#####..### ##
)#..........)......#.....#####.##
...................#.......#....#
..........#........##...........#
.........##.....####.#..........#
.........##.....@..#.............
......#..#......F................
......####..###...#.)............
......# ##.##....##†............
#.###...##.............
#.......##..#.>....#... ..
....###....##.......#.. ......
...### ##...##.......#
............# ....#.....##..


You could see Prince Ribbit (very poisoned).

Vanquished Creatures
  A two-headed ogre (D:8)
  Maurice (D:8)
  Joseph (D:7)
  Maggie (D:8)
  A hornet (D:8)
  A spriggan (D:7)
  An acid dragon (D:7)
  A water moccasin (D:8)
  Duvessa (D:7)
  3 ice beasts
  An orc warrior (D:6)
  2 sky beasts
  2 black bears
  An ogre (D:5)
  2 centaurs
  A phantom (D:6)
  A kobold brigand (D:6)
  A bullfrog (D:7)
  Dowan (D:7)
  6 killer bees (D:6)
  A howler monkey (D:7)
  2 electric eels (D:7)
  A quasit (D:6)
  An iron imp (D:7)
  4 hounds
  A jelly (D:3)
  A gnoll bouda (D:4)
  5 iguanas
  2 orc wizards (D:6)
  13 gnolls
  7 adders
  2 shadow imps
  4 white imps (D:6)
  5 ufetubi
  A worm (D:3)
  3 dart slugs (D:1)
  19 orcs
  8 endoplasms
  4 giant cockroaches
  8 goblins
  7 hobgoblins
  9 jackals
  13 kobolds
  4 quokkas
  3 ball pythons
  5 bats
  4 frilled lizards (D:3)
  6 rats
173 creatures vanquished.

Vanquished Creatures (others)
  A wraith (D:8)
  7 demonic plants (D:6)
8 creatures vanquished.

Grand Total: 181 creatures vanquished

Notes
Turn   | Place    | Note
-------+----------+-------------------------------------------
     0 | D:1      | billz999 the Gnoll Hunter began the quest for the Orb.
     0 | D:1      | Reached XP level 1. HP: 20/20 MP: 1/1
    52 | D:1      | Reached XP level 2. HP: 26/26 MP: 2/2
   674 | D:1      | Reached XP level 3. HP: 31/31 MP: 3/3
   953 | D:2      | Reached skill level 1 in Invocations
  1075 | D:2      | Found a faded altar of an unknown god.
  1359 | D:2      | Reached skill level 1 in Short Blades
  1359 | D:2      | Reached skill level 1 in Long Blades
  1359 | D:2      | Reached skill level 1 in Axes
  1359 | D:2      | Reached skill level 1 in Maces & Flails
  1359 | D:2      | Reached skill level 1 in Polearms
  1359 | D:2      | Reached skill level 1 in Staves
  1359 | D:2      | Reached skill level 1 in Throwing
  1359 | D:2      | Reached skill level 1 in Armour
  1359 | D:2      | Reached skill level 1 in Shields
  1359 | D:2      | Reached skill level 1 in Unarmed Combat
  1359 | D:2      | Reached skill level 1 in Spellcasting
  1359 | D:2      | Reached skill level 1 in Evocations
  1793 | D:3      | Reached XP level 4. HP: 38/38 MP: 5/5
  2041 | D:3      | Reached skill level 1 in Conjurations
  2041 | D:3      | Reached skill level 1 in Hexes
  2041 | D:3      | Reached skill level 1 in Summonings
  2041 | D:3      | Reached skill level 1 in Necromancy
  2041 | D:3      | Reached skill level 1 in Translocations
  2041 | D:3      | Reached skill level 1 in Transmutations
  2041 | D:3      | Reached skill level 1 in Fire Magic
  2041 | D:3      | Reached skill level 1 in Ice Magic
  2041 | D:3      | Reached skill level 1 in Air Magic
  2041 | D:3      | Reached skill level 1 in Earth Magic
  2041 | D:3      | Reached skill level 1 in Poison Magic
  2187 | D:3      | Reached XP level 5. HP: 43/43 MP: 5/7
  2780 | D:4      | Reached XP level 6. HP: 46/50 MP: 8/8
  2861 | D:4      | Reached skill level 5 in Fighting
  2861 | D:4      | Reached skill level 5 in Dodging
  2977 | D:4      | Found a staircase to the Ecumenical Temple.
  3192 | Temple   | Entered the Ecumenical Temple
  3289 | Temple   | Became a worshipper of Warmaster Okawaru
  3639 | D:5      | Entered Level 5 of the Dungeon
  3906 | D:5      | Noticed a black bear
  3912 | D:5      | Killed a black bear
  3913 | D:5      | Reached XP level 7. HP: 56/56 MP: 10/10
  4181 | D:5      | Reached * piety under Okawaru
  4207 | D:5      | Reached skill level 9 in Ranged Weapons
  4624 | D:6      | Reached XP level 8. HP: 60/63 MP: 12/12
  4798 | D:6      | Reached ** piety under Okawaru
  4809 | D:6      | HP: 1/96 [something (6)]
  5683 | D:7      | Reached XP level 9. HP: 69/69 MP: 14/14
  5689 | D:7      | Found a snail-covered altar of Cheibriados.
  5841 | D:7      | Noticed Joseph
  5873 | D:7      | HP: 3/103 [Joseph/+0 quarterstaff (6)]
  5875 | D:7      | Killed Joseph
  6134 | D:7      | Found a shimmering altar of Xom.
  6135 | D:7      | Found a hazy altar of Hepliaklqana.
  6136 | D:7      | Noticed a spectral ugly thing
  6250 | D:7      | Reached *** piety under Okawaru
  6251 | D:7      | Reached skill level 5 in Stealth
  6504 | D:7      | Identified the +2 hat of the Bells {Stlth+}
  6832 | D:7      | Reached skill level 5 in Invocations
  6966 | D:7      | Noticed Duvessa
  6967 | D:7      | Noticed Dowan
  6989 | D:7      | Killed Duvessa
  7004 | D:7      | Killed Dowan
  7774 | D:8      | Noticed a hornet
  7781 | D:8      | Killed a hornet
  7795 | D:8      | Noticed a two-headed ogre
  7797 | D:8      | Noticed Maggie
  7808 | D:8      | Killed a two-headed ogre
  7808 | D:8      | Reached **** piety under Okawaru
  7808 | D:8      | Received a gift from Okawaru
  7809 | D:8      | Reached skill level 5 in Short Blades
  7809 | D:8      | Reached skill level 5 in Long Blades
  7809 | D:8      | Reached skill level 5 in Axes
  7809 | D:8      | Reached skill level 5 in Maces & Flails
  7809 | D:8      | Reached skill level 5 in Polearms
  7809 | D:8      | Reached skill level 5 in Staves
  7809 | D:8      | Reached skill level 10 in Ranged Weapons
  7809 | D:8      | Reached skill level 5 in Throwing
  7809 | D:8      | Reached skill level 5 in Armour
  7809 | D:8      | Reached skill level 5 in Shields
  7809 | D:8      | Reached skill level 5 in Unarmed Combat
  7809 | D:8      | Reached skill level 5 in Spellcasting
  7809 | D:8      | Reached skill level 5 in Evocations
  7809 | D:8      | Reached XP level 10. HP: 56/79 MP: 17/17
  7819 | D:8      | Killed Maggie
  8220 | D:8      | Noticed Maurice
  8245 | D:8      | Killed Maurice
  8245 | D:8      | Reached ***** piety under Okawaru
  8627 | D:8      | Noticed Prince Ribbit
  8634 | D:8      | HP: 2/79 [Prince Ribbit (14)]
  8634 | D:8      | Mangled by Prince Ribbit

Illustrated notes

Levels and vault maps discovered:
D:1:      dpeg_arrival_arbitrary_b, layout_basic
D:2:      layout_loops_cross, basic_ecumenical_altar
D:3:      minmay_general_purpose_star, layout_loops_cross, minmay_misc_feat_chi
D:4:      layout_loops_ring, minmay_temple_entry_grid, palyth_stone_intersect
D:5:      layout_rooms, fountainhead, interstate_on_off
D:6:      layout_rooms, serial_demonic, serial_demonic_a, serial_demonic_b,
          serial_demonic_b, serial_demonic_c, serial_demonic_c,
          serial_demonic_d, minmay_door_square, nicolae_zen_rock_garden,
          minivault_26, glass_columns_a
D:7:      layout_layer_cave, regret_index_temple_of_mockery, slow_altar_1,
          kennysheep_diamond, the_hattery, uniq_joseph, uniq_duvessa
D:8:      layout_cave_pools, serial_shops, shop_fountains, uniq_prince_ribbit1,
          uniq_pikel, uniq_maurice, uniq_maggie, uniq_grum
Temple:   jpeg_temple_clearing

Skill      XL: |  1  2  3  4  5  6  7  8  9 10 |
---------------+-------------------------------+-----
Invocations    | 1 2 3 4 5 6 |  6.0
Short Blades   | 1 2 3 5 |  5.5
Long Blades    | 1 2 3 5 |  5.5
Axes           | 1 2 3 5 |  5.5
Maces & Flails | 1 2 3 5 |  5.5
Polearms       | 1 2 3 5 |  5.5
Staves         | 1 2 3 5 |  5.5
Throwing       | 1 2 3 5 |  5.5
Armour         | 1 2 3 5 |  5.5
Shields        | 1 2 3 5 |  5.5
Unarmed Combat | 1 2 3 5 |  5.5
Spellcasting   | 1 2 3 5 |  5.5
Evocations     | 1 2 3 5 |  5.5
Conjurations   | 1 2 3 4 |  4.5
Hexes          | 1 2 3 4 |  4.5
Summonings     | 1 2 3 4 |  4.5
Necromancy     | 1 2 3 4 |  4.5
Translocations | 1 2 3 4 |  4.5
Transmutations | 1 2 3 4 |  4.5
Fire Magic     | 1 2 3 4 |  4.5
Ice Magic      | 1 2 3 4 |  4.5
Air Magic      | 1 2 3 4 |  4.5
Earth Magic    | 1 2 3 4 |  4.5
Poison Magic   | 1 2 3 4 |  4.5
Stealth        | 3 4 5 6 |  6.0
Fighting       | 5 6 7 |  7.2
Dodging        | 5 6 7 |  7.2
Ranged Weapons | 9 10 | 10.2

Action                   |  1- 3 |  4- 6 |  7- 9 | 10-12 || total
-------------------------+-------+-------+-------+-------++-------
Melee: Whip              |       |       |   124 |    25 ||   149
       Bite              |       |       |    17 |     6 ||    23
       Punch             |       |       |    11 |     1 ||    12
       Unarmed           |       |       |     2 |       ||     2
 Fire: Shortbow          |   109 |   187 |   210 |    21 ||   527
Throw: Dart              |       |       |    11 |       ||    11
       Throwing net      |       |       |     1 |       ||     1
Invok: Heroism           |       |       |     1 |       ||     1
Evoke: Wand              |       |       |       |     3 ||     3
  Use: Potion            |       |       |     7 |     4 ||    11
       Scroll            |       |       |     2 |       ||     2
 Stab: Sleeping          |       |       |       |     1 ||     1
Armor: Scale mail        |    15 |       |       |       ||    15
       Leather armour    |     2 |       |       |       ||     2
       Fire dragon scale |       |    65 |   188 |    28 ||   281
Dodge: Dodged            |    21 |    74 |   171 |    45 ||   311

Table legend: (Time is in decaauts)
 A = Elapsed time spent in this place.
 B = Non-inter-level travel time spent in this place.
 C = Inter-level travel time spent in this place.
 D = Time resting spent in this place.
 E = Time spent auto-exploring this place.
 F = Levels seen in this place.
 G = Mean time per level.
                   A        B        C        D        E       F      G
               +--------+--------+--------+--------+--------+-----+--------+
         Total |   8813 |   8324 |    489 |   1945 |   5026 |   9 |  979.2 |
       Dungeon |   8700 |   8227 |    473 |   1945 |   4944 |   8 | 1087.5 |
        Temple |    112 |     96 |     16 |      0 |     82 |   1 |  112.0 |
               +--------+--------+--------+--------+--------+-----+--------+

Top non-repeatable levels by time:
     D:7: 2440 daAuts
     D:6: 1260 daAuts
     D:3: 1161 daAuts
     D:1: 954 daAuts
     D:4: 887 daAuts
     D:5: 786 daAuts
     D:2: 613 daAuts
     D:8: 597 daAuts
  Temple: 112 daAuts
